AoeStats
← A pelubi

Nomad

510239573Analyzed
4v4 RM · 2d ago on Sep 30, 2026· 79m 47s· 8 players
Game mode
Random Map
Map size
231×231
Population
200
Speed
Normal
Resources
Standard
Victory
Conquest
Starting age
Dark Age
Ending age
Imperial Age
RankedLock teamsTeams togetherTeam positionsShared explorationLock speedFull tech treeHidden civsTurbo modeCheats
Victory
Defeat
🇪🇨 Koreans · Ecuador
1356
+13
🇦🇷 Malay · Argentina
1202
+20
🇦🇷 Dravidians · Argentina
1182
+20
🇦🇷 Persians · Argentina
1071
+24
🇦🇷 Ethiopians · Argentina
1331
-21
🇦🇷 Koreans · Argentina
1319
-21
🇦🇷 Mongols · Argentina
1302
-20
🇦🇷 Bohemians · Argentina
1175
-15
ChoG4n
12:09 Loom
13:55 Feudal Age
17:05 Double-Bit Axe
21:31 Castle Age
21:21 Medium Warships
21:14 Fletching
22:17 Husbandry
22:25 Fishing Lines
24:05 Scale Barding Armor
23:58 Gold Mining
23:49 Horse Collar
24:03 Gillnets
25:00 Wheelbarrow
28:54 Horse Collar
29:58 Heavy Plow
31:03 Wheelbarrow
34:06 Hand Cart
34:31 Gold Shaft Mining
37:25 Imperial Age
35:31 Forging
38:19 Iron Casting
38:37 Light Cavalry
39:40 Conscription
40:16 Elite Battle Elephant
42:13 Blast Furnace
44:43 Town Watch
63:54 Elite Karambit Warrior
68:00 Spies/Treason
68:15 Spies/Treason
A pelubi
11:46 Loom
13:40 Feudal Age
15:12 Double-Bit Axe
16:00 Horse Collar
22:09 Castle Age
20:33 Gold Mining
23:31 Bow Saw
24:29 Crossbowman
25:14 Thumb Ring
28:33 Stone Mining
35:25 Imperial Age
36:20 Fletching
36:31 Padded Archer Armor
42:44 Chemistry
44:00 Ballistics
44:13 Bodkin Arrow
46:56 Medical Corps
47:15 Leather Archer Armor
47:00 Bracer
48:55 Onager
50:58 Siege Onager
56:33 Elite Elephant Archer
poteytor123
14:42 Feudal Age
16:39 Double-Bit Axe
21:10 Castle Age
22:59 Horse Collar
23:34 Medium Warships
24:38 Scale Barding Armor
26:12 Gold Mining
27:17 Stone Mining
28:21 Bloodlines
30:29 Forging
34:03 Wheelbarrow
34:09 Gold Shaft Mining
36:43 Imperial Age
35:56 Hand Cart
36:51 Cavalier
37:31 Town Watch
38:07 Husbandry
39:01 Chain Barding Armor
39:17 Iron Casting
39:17 Savar
42:06 Conscription
42:18 Bow Saw
50:09 Town Patrol
53:24 Plate Barding Armor
53:49 Blast Furnace
69:51 Spies/Treason
TREX KID BOO
4:23 Loom
13:29 Feudal Age
21:32 Castle Age
20:37 Double-Bit Axe
22:06 Town Watch
22:14 Fletching
22:58 Horse Collar
27:20 Bodkin Arrow
28:10 Ballistics
49:08 Imperial Age
50:05 Bracer
52:35 Chemistry
58:57 Conscription
61:20 Elite War Wagon
68:30 Town Patrol
69:06 Wheelbarrow
69:11 Medium Warships
69:25 Clinker Construction
69:40 Shipwright
69:40 Elite Turtle Ship
71:57 Carvel Hull
73:38 Shipwright
73:40 Siphons
78:59 Spies/Treason
AoG_Lotsen
5:34 Loom
15:23 Feudal Age
16:11 Double-Bit Axe
18:34 Fletching
20:46 Castle Age
19:17 Fishing Lines
20:50 Crossbowman
21:43 Gillnets
22:03 Medium Warships
22:00 Padded Archer Armor
25:29 Demolition Ship
32:46 Imperial Age
53:18 Wheelbarrow
52:28 Town Watch
52:11 Halberdier
53:03 Forging
52:53 Scale Mail Armor
55:37 Chain Mail Armor
55:58 Iron Casting
56:09 Scale Barding Armor
55:56 Light Cavalry
57:57 Plate Mail Armor
59:03 Blast Furnace
59:03 Squires
63:13 Conscription
64:16 Heavy Warships
AoG_Pipes
3:25 Loom
13:40 Feudal Age
19:07 Castle Age
18:04 Fletching
19:08 Fishing Lines
19:19 Double-Bit Axe
20:00 Medium Warships
19:42 Gillnets
24:37 Wheelbarrow
23:51 Town Watch
29:02 Bodkin Arrow
29:52 Horse Collar
34:03 Imperial Age
35:51 Bow Saw
37:07 Chemistry
36:28 Heavy Rocket Cart
37:58 Gold Mining
38:27 Bracer
38:51 Conscription
40:29 Elite Fire Lancer
41:21 Forging
41:11 Scale Mail Armor
45:09 Fortified Wall
50:22 Iron Casting
50:02 Chain Mail Armor
49:48 Arson
50:03 Squires
50:51 Town Patrol
51:06 Hand Cart
50:52 Stone Mining
55:50 Shinkichon
AoG_Fernecito
4:30 Loom
13:12 Feudal Age
14:22 Double-Bit Axe
17:16 Fletching
26:54 Castle Age
25:35 Wheelbarrow
24:45 Town Watch
25:19 Horse Collar
27:58 Bodkin Arrow
36:39 Imperial Age
39:54 Padded Archer Armor
41:27 Bloodlines
41:17 Husbandry
44:22 Heavy Camel Rider
46:01 Conscription
46:41 Bow Saw
47:59 Forging
47:56 Scale Barding Armor
49:17 Iron Casting
50:46 Hoardings
52:49 Blast Furnace
52:10 Chain Barding Armor
52:56 Bracer
57:50 Light Cavalry
61:15 Hussar
AoG_Chax
4:52 Loom
16:02 Feudal Age
20:44 Castle Age
19:31 Horse Collar
19:39 Double-Bit Axe
39:37 Imperial Age
43:55 Wheelbarrow
43:06 Town Watch
Connection lost

Rejoining the realm…

Still unreachable

The connection could not be restored.

Session expired

The server has moved on; the page needs a fresh start.